 Dungeon Crawl Stone Soup version 0.29-a0-1016-g236c7fd91e (webtiles) character file.

Game seed: 15761289354297469855

762 Sobieck the Fighter (level 7, -8/81 HPs)
             Began as an Ogre Berserker on Aug 9, 2022.
             Was a Priest of Trog.
             Engulfed by a cloud of poison gas (13 damage)
             ... on level 4 of the Dungeon.
             The game lasted 00:08:04 (3669 turns).

Sobieck the Fighter (Ogre Berserker)                Turns: 3669, Time: 00:08:05

Health: -8/81      AC:  3    Str: 24    XL:     7   Next: 81%
Magic:  7/7        EV: 10    Int:  8    God:    Trog [***...]
Gold:   4          SH:  0    Dex:  8    Spells: 6/6 levels left

rFire   . . .      SeeInvis .   a - +0 dire flail {mace}
rCold   . . .      Faith    .   (shield currently unavailable)
rNeg    . . .      Spirit   .   r - +0 animal skin
rPois   .          Reflect  .   (helmet restricted)
rElec   .          Harm     .   (no cloak)
rCorr   .          Rampage  .   (gloves unavailable)
Will    ++...                   (boots unavailable)
Stlth   +.........              m - amulet of regeneration {@e2}
HPRegen 2.03/turn               (no ring)
MPRegen 0.10/turn               (no ring)

@: lethally poisoned (-8 -> -11), weakened, strong-willed, on berserk cooldown,
regenerating, slowed, very slow
A: large, unfitting armour, tough skin 1
a: Renounce Religion, Berserk, Trog's Hand


You were on level 4 of the Dungeon.
You worshipped Trog.
Trog was most pleased with you.
You visited 1 branch of the dungeon, and saw 4 of its levels.

You collected 136 gold pieces.
You spent 132 gold pieces at shops.


Innate Abilities, Weirdness & Mutations

You are too large for most types of armour.
You have tough skin. (AC +1)


   Skills:
 + Level 8.8 Fighting
 + Level 6.0 Maces & Flails
 - Level 2.6 Dodging


You had 6 spell levels left.
You didn't know any spells.
Your spell library was empty.

Inventory:

Hand Weapons
 a - a +0 dire flail (weapon) {mace}
   (You bought it in a shop on level 3 of the Dungeon)
 b - a +0 sling
   (You found it on level 2 of the Dungeon)
 c - a +0 short sword of protection {short}
   (You found it on level 1 of the Dungeon)
 g - a +0 mace {mace}
 p - a +0 flail {mace}
   (You took it off a gnoll on level 1 of the Dungeon)
 y - a +1 whip of freezing {mace}
   (You took it off Pikel on level 3 of the Dungeon)
Missiles
 h - a throwing net {=f!fthrowing}
 j - 6 curare-tipped darts {=fthrowing}
 k - 33 stones {throwing}
Armour
 r - a +0 animal skin (worn)
 z - a +0 robe
   (You took it off Pikel on level 3 of the Dungeon)
Magical Staves
 i - a staff of poison {forbidden!astaff}
   (You found it on level 1 of the Dungeon)
 o - a staff of death {forbidden!astaff}
   (You found it on level 2 of the Dungeon)
Jewellery
 l - an amulet of the acrobat
   (You found it on level 2 of the Dungeon)
 m - an amulet of regeneration (around neck) {@e2}
   (You found it on level 2 of the Dungeon)
Wands
 w - a wand of mindburst (15)
   (You found it on level 3 of the Dungeon)
Scrolls
 e - a scroll of identify {@r1}
 n - a scroll of butterflies
 x - a scroll of immolation {!r!r}
Potions
 d - 3 potions of curing {@q1}
 f - 3 potions of flight
 q - 3 potions of mutation {!q}
 s - 2 potions of attraction {!q}
 t - a potion of resistance

Dungeon Overview and Level Annotations

Branches:
Dungeon (4/15) Zot: 20246
 Temple: D:4-7

Altars:
Makhleb

Shops:
D:3

*((! ..§#☼§§§§.☼§☼☼.....
........§§§§§☼☼#§☼§......
........§§§§§§☼#§§§...... #..
...... .§§§☼☼§§☼§§....... #..
......##.#§§§§§☼§########
#... ......#.#§§§§§§§# #...
....#.#§☼§§§§§#
#...######...#§§§☼§§##
#...........@§##§#§Kgg§§☼§§
.##........)#......#☼§☼§§§§§☼
........<.).#...#..☼§☼§§☼§§§☼
............##..#.§§§§§§§§§§§
............##..#§§§☼§#§§§☼§☼
............##>.#§§☼§☼#§§§§§§
................#§§§§§#☼§☼☼##
....##......##..#.....# ....
#......##..#.....#


There were no monsters in sight!


Message History

You start resting.
You are no longer berserk.
You are exhausted.
You feel yourself slow down.
You start resting.
A kobold comes into view. It is wielding a +0 short sword.
Danger!
Unknown command.
The kobold shouts!
The kobold throws a stone.
The stone hits you.
A gnoll bouda comes into view. It is wielding a +0 whip.
The gnoll bouda shouts!
You hear a shout!
The gnoll bouda barks out a call to the hunt!
The kobold hits you with a +0 short sword.
You hit the gnoll bouda. The kobold barely misses you.
The gnoll bouda gazes fiercely through you!
You feel your attacks grow feeble.
The gnoll bouda hits you with a +0 whip.
Unknown command.
Unknown command.
You closely miss the gnoll bouda.
The kobold hits you with a +0 short sword.
The gnoll bouda barely misses you.
The gnoll bouda hits you with a +0 whip.
The kobold hits you with a +0 short sword.
You closely miss the gnoll bouda.
The gnoll bouda gazes fiercely through you!
You feel as though you will be weak longer.
The gnoll bouda hits you with a +0 whip!
The kobold hits you with a +0 short sword.
The gnoll hits you from afar with a +0 spear!
Unknown command.
Okay, then.
Your skin crawls.
You feel strong-willed. The kobold hits you but does no damage.
The gnoll bouda barely misses you. The gnoll completely misses you.
The gnoll bouda hits you with a +0 whip!
* * * LOW HITPOINT WARNING * * *
The kobold misses you.
The gnoll hits you from afar with a +0 spear.
* * * LOW HITPOINT WARNING * * *
Okay, then.
Unknown command.
Really read
v - a scroll of poison {!r}?
Really read the scroll of poison?
The air fills with toxic fumes!
As you read the scroll of poison {!r}, it crumbles to dust.
The gnoll bouda gazes fiercely through you!
You feel as though you will be weak longer.
The gnoll bouda hits you with a +0 whip!
* * * LOW HITPOINT WARNING * * *
The kobold barely misses you.
The gnoll hits you from afar with a +0 spear.
* * * LOW HITPOINT WARNING * * *
Unknown command.
Okay, then.
Unknown command.
You feel better. The kobold closely misses you.
The gnoll bouda gazes fiercely through you!
You feel as though you will be weak longer.
The gnoll bouda hits you with a +0 whip!
* * * LOW HITPOINT WARNING * * *
The gnoll closely misses you.
The gnoll bouda gazes fiercely through you!
You feel as though you will be weak longer.
The gnoll bouda hits you with a +0 whip!
* * * LOW HITPOINT WARNING * * *
The kobold hits you but does no damage. The gnoll closely misses you.
Okay, then.
You barely miss the gnoll bouda.
The gnoll bouda hits you with a +0 whip.
* * * LOW HITPOINT WARNING * * *
The kobold closely misses you. The gnoll barely misses you.
You barely miss the gnoll bouda.
The gnoll is no longer moving quickly.
The kobold hits you but does no damage.
The gnoll bouda gazes fiercely through you!
You feel as though you will be weak longer.
The gnoll bouda hits you with a +0 whip!
* * * LOW HITPOINT WARNING * * *
The gnoll hits you from afar with a +0 spear.
* * * LOW HITPOINT WARNING * * *
The gnoll bouda hits you with a +0 whip!
* * * LOW HITPOINT WARNING * * *
The kobold barely misses you.
The gnoll hits you from afar with a +0 spear.
* * * LOW HITPOINT WARNING * * *
Unknown command.
Unknown command.
Unknown command.
Really read
u - a scroll of blinking {!r}? [Y]es or [N]o only, please.
Really read
u - a scroll of blinking {!r}?
Blink to where?
Press: ? - help, Dir - move target Really blink into that cloud of poison gas?
As you read the scroll of blinking {!r}, it crumbles to dust.
You are engulfed in poison gas.
You are poisoned.
You die...

Skill      XL: |  1  2  3  4  5  6  7 |
---------------+----------------------+-----
Maces & Flails | 3 4 5 6 |  6.0
Fighting       | 5 8 |  8.8
Dodging        | |  2.6

Action                   |  1- 3 |  4- 6 |  7- 9 || total
-------------------------+-------+-------+-------++-------
Melee: Mace              |     7 |       |       ||     7
       Flail             |    80 |    90 |       ||   170
       Punch             |       |     2 |       ||     2
       Dire flail        |       |    68 |    40 ||   108
 Fire: Sling             |       |    38 |     1 ||    39
Invok: Berserk           |     1 |     2 |     1 ||     4
       Trog's Hand       |       |       |     1 ||     1
  Use: Scroll            |       |    11 |     2 ||    13
       Potion            |       |       |     1 ||     1
Armor: Animal skin       |    31 |    45 |     6 ||    82
Dodge: Dodged            |    49 |    94 |    28 ||   171

Levels and vault maps discovered:
D:1:      minmay_arrival_hallway, layout_basic, hangedman_decor_lopped
D:2:      minmay_roachtagon, layout_basic, basic_altar,
          minmay_misc_feat_columns, nicolae_hexahallways
D:3:      layout_loops_corners, basic_ecumenical_altar, serial_shops,
          nicolae_diamond_shop, nicolae_shop_crystal, shop, shop
D:4:      layout_basic, uniq_pikel, uniq_natasha

Notes
Turn   | Place    | Note
-------+----------+-------------------------------------------
     0 | D:1      | Sobieck the Ogre Berserker began the quest for the Orb.
     0 | D:1      | Reached XP level 1. HP: 24/24 MP: 1/1
   122 | D:1      | Reached skill level 3 in Maces & Flails
   122 | D:1      | Reached XP level 2. HP: 33/33 MP: 2/2
   466 | D:1      | Reached XP level 3. HP: 40/40 MP: 3/3
   801 | D:1      | Reached skill level 5 in Fighting
   862 | D:1      | Reached ** piety under Trog
  1352 | D:2      | Reached XP level 4. HP: 37/50 MP: 4/4
  1612 | D:2      | Found a burning altar of Makhleb.
  1717 | D:2      | Reached skill level 4 in Maces & Flails
  1973 | D:2      | Reached XP level 5. HP: 59/59 MP: 5/5
  2488 | D:3      | Found Daufeur's Weapon Boutique.
  2499 | D:3      | Found Hyawn's Antique Weapon Emporium.
  2508 | D:3      | Reached skill level 6 in Fighting
  2558 | D:3      | Bought a dire flail for 80 gold pieces
  2624 | D:3      | Found Wumoqong's Assorted Antiques.
  2675 | D:3      | Found a faded altar of an unknown god.
  2840 | D:3      | Reached *** piety under Trog
  3069 | D:3      | Found Omisah's Distillery.
  3473 | D:3      | Bought a scroll of identify for 52 gold pieces
  3491 | D:4      | Noticed Pikel
  3491 | D:4      | Noticed a lemure
  3491 | D:4      | Noticed a lemure
  3491 | D:4      | Noticed a lemure
  3493 | D:4      | Noticed a lemure
  3497 | D:4      | Killed a lemure
  3501 | D:3      | Killed Pikel
  3502 | D:3      | Reached skill level 8 in Fighting
  3502 | D:3      | Reached skill level 5 in Maces & Flails
  3502 | D:3      | Reached XP level 6. HP: 74/74 MP: 6/6
  3502 | D:3      | Reached XP level 7. HP: 81/81 MP: 7/7
  3605 | D:4      | Reached skill level 6 in Maces & Flails
  3625 | D:4      | Noticed Natasha
  3642 | D:4      | Killed Natasha
  3667 | D:4      | HP: 19/81 [gnoll bouda/+0 whip (5)]
  3668 | D:4      | HP: 6/81 [gnoll bouda/+0 whip (7)]
  3669 | D:4      | Engulfed by a cloud of poison gas

Vanquished Creatures
  Pikel (D:3)
  A phantom (D:4)
  A lemure (D:4)
  Natasha (D:4)
  7 gnolls
  7 adders
  A worm (D:2)
  A dart slug (D:1)
  6 orcs (D:3)
  4 ball pythons
  5 endoplasms
  13 giant cockroaches (D:2)
  7 goblins
  7 hobgoblins
  4 jackals
  2 quokkas
  7 bats
  2 frilled lizards
  7 kobolds
  7 rats
91 creatures vanquished.

Table legend:
 A = Non-vault XP
 B = Vault XP
 C = Vault XP percentage of total XP
 D = Non-vault monster count
 E = Vault monster count
 F = Vault count percentage of total count
                 A         B        C        D         E       F
            +---------+---------+-------+---------+---------+-------
      Total |     415 |     674 |  61.9 |      77 |      13 |  14.4
            +---------+---------+-------+---------+---------+-------
        D:1 |      55 |       0 |   0.0 |      25 |       0 |   0.0
        D:2 |      98 |      22 |  18.3 |      22 |      11 |  33.3
        D:3 |     123 |     617 |  83.4 |      26 |       1 |   3.7
        D:4 |     139 |      35 |  20.1 |       4 |       1 |  20.0
            +---------+---------+-------+---------+---------+-------

Illustrated notes

Table legend:
 A = Kills in this place as a percentage of kills in entire the game.
 B = Kills by you in this place as a percentage of kills by you in the entire game.
 C = Kills by friends in this place as a percentage of kills by friends in the entire game.
 D = Other kills in this place as a percentage of other kills in the entire game.
 E = Experience gained in this place as a percentage of experience gained in the entire game.
 F = Experience gained in this place divided by the number of levels of this place that you have seen.
                   A       B       C       D       E      F
               +-------+-------+-------+-------+-------+----------------------
         Total | 100.0 | 100.0 |   N/A |   N/A | 100.0 | 272.2
       Dungeon | 100.0 | 100.0 |   N/A |   N/A | 100.0 | 272.2
               +-------+-------+-------+-------+-------+----------------------

Table legend: (Time is in decaauts)
 A = Elapsed time spent in this place.
 B = Non-inter-level travel time spent in this place.
 C = Inter-level travel time spent in this place.
 D = Time resting spent in this place.
 E = Time spent auto-exploring this place.
 F = Levels seen in this place.
 G = Mean time per level.
                   A        B        C        D        E       F      G
               +--------+--------+--------+--------+--------+-----+--------+
         Total |   3753 |   3575 |    178 |    400 |   2442 |   4 |  938.2 |
       Dungeon |   3753 |   3575 |    178 |    400 |   2442 |   4 |  938.2 |
               +--------+--------+--------+--------+--------+-----+--------+

Top non-repeatable levels by time:
     D:3: 1252 daAuts
     D:1: 1185 daAuts
     D:2: 1173 daAuts
     D:4: 142 daAuts
